 Seeded DCSS version 0.27.1-34-g3ba077fa99 (webtiles) character file.

Game seed: 20220107 (custom seed)

42 cream7 the Chopper (level 3, -9/33 HPs)
             Began as a Minotaur Berserker on Jan 7, 2022.
             Was a Believer of Trog.
             Shot with an arrow by a centaur (13 damage)
             ... on level 4 of the Dungeon.
             The game lasted 00:05:13 (864 turns).

cream7 the Chopper (Minotaur Berserker)              Turns: 864, Time: 00:05:14

Health: -9/33      AC:  8    Str: 22    XL:     3   Next: 35%
Magic:  2/2        EV:  8    Int:  4    God:    Trog [**....]
Gold:   7          SH:  0    Dex:  9    Spells: 2/2 levels left

rFire    . . .     SeeInvis .   a - +0 hand axe
rCold    . . .     Faith    +   (no shield)
rNeg     . . .     Spirit   .   h - +0 chain mail
rPois    .         Reflect  .   (helmet restricted)
rElec    .         Harm     +   e - scarf {harm}
rCorr    .         Rampage  .   (no gloves)
Will     .....                  (no boots)
Stlth    ..........             f - amulet of faith
HPRegen  0.11/turn              j - ring of flight
MPRegen  0.08/turn              (no ring)

@: flying
A: horns 2, retaliatory headbutt
a: Renounce Religion, Berserk, Trog's Hand


You were on level 4 of the Dungeon.
You worshipped Trog.
Trog was pleased with you.
You visited 1 branch of the dungeon, and saw 4 of its levels.

You collected 7 gold pieces.

Inventory:

Hand Weapons
 a - a +0 hand axe (weapon)
 c - a +0 whip
 d - a +0 short sword
 g - a +0 dagger
 q - a +0 quarterstaff
Missiles
 i - 2 javelins
 n - 12 bolts
 s - 38 stones (quivered)
Armour
 b - a +0 animal skin
 e - a scarf of harm (worn)
 h - a +0 chain mail (worn)
 k - a +0 robe
 m - a +0 ring mail
 o - a +0 cloak
Jewellery
 f - an amulet of faith (around neck)
 j - a ring of flight (left hand)
Scrolls
 l - 3 scrolls of summoning {unknown}
 p - a scroll of enchant weapon {unknown}


   Skills:
 + Level 4.3 Fighting
 + Level 4.5 Axes
 + Level 2.7 Armour
 + Level 2.4 Dodging


You had 2 spell levels left.
You didn't know any spells.
Your spell library was empty.

Dungeon Overview and Level Annotations

Branches:
Dungeon (4/15)
 Temple: D:4-7

Altars:
Trog


Innate Abilities, Weirdness & Mutations

You have a pair of horns on your head.
You reflexively headbutt those who attack you in melee.


Message History

Found a bloodstained altar of Trog.
The kobold shouts!
You hear a shout! x4
Found 8 bolts and 9 gold pieces.
The kobold completely misses you.
You hit the kobold.
You kill the kobold!
Trog accepts your kill.
Things that are here:
a +0 short sword; a kobold corpse
d - a +0 short sword A gnoll comes into view.
It is wielding a +0 whip.
A gnoll comes into view. It is wielding a +0 club.
The gnoll shouts!
A centaur comes into view.
The centaur shouts!
The centaur wields a +0 shortbow.
The centaur shoots an arrow.
The arrow hits you.
The centaur shoots an arrow.
The arrow barely misses you.
Found a scroll labelled UNEKEKKAEPP and 6 gold pieces.
The centaur shoots an arrow.
The arrow hits you but does no damage.
A gnoll comes into view. It is wielding a +0 halberd.
Found a hand axe.
The centaur shoots an arrow.
The arrow barely misses you.
The centaur shoots an arrow.
The arrow hits you.
A gnoll comes into view. It is wielding a +0 flail.
The gnoll shouts!
Found 12 gold pieces.
The centaur shoots an arrow.
The arrow hits you!
There is a bloodstained altar of Trog here.
You slash the gnoll!
The gnoll is severely wounded.
The gnoll hits you with a +0 whip.
The centaur shoots an arrow.
The arrow hits you.
You slash the gnoll!
You kill the gnoll!
Trog accepts your kill.
You can now call upon Trog for regeneration and willpower.
The centaur shoots an arrow.
The arrow hits you.
The centaur shoots an arrow.
The arrow hits you!
* * * LOW HITPOINT WARNING * * *
You barely miss the gnoll. Your headbutt misses the gnoll.
The centaur shoots an arrow.
The arrow hits you!
You die...

# .. ..# #. #. #.# .#
#..#.##.# ..#
##..#..#.#### ...#
..........§.#####$...
........§.........).#
........≈≈§≈≈≈§..?...
#..#....§§≈≈≈≈.....
#..#..8..g@_≈≈.....
#..##...≈≈≈≈≈≈....#
#....†≈≈≈≈§≈≈......
#<.....g.cg.......#
######.#...##.#...#
#......(.....#
#.#...##......
#.##.## #####$ .. ...


You could see a centaur and 3 gnolls.

Vanquished Creatures
  A gnoll (D:4)
  An adder (D:3)
  A dart slug (D:2)
  2 endoplasms (D:1)
  3 giant cockroaches
  A hobgoblin (D:1)
  2 jackals (D:1)
  A quokka (D:2)
  2 bats (D:1)
  2 frilled lizards (D:1)
  3 kobolds
  2 rats (D:2)
21 creatures vanquished.

Notes
Turn   | Place    | Note
-------+----------+-------------------------------------------
     0 | D:1      | cream7 the Minotaur Berserker began the quest for the Orb.
     0 | D:1      | Reached XP level 1. HP: 19/19 MP: 0/0
   302 | D:1      | Reached XP level 2. HP: 25/27 MP: 1/1
   733 | D:3      | Reached XP level 3. HP: 25/33 MP: 2/2
   842 | D:4      | Found a bloodstained altar of Trog.
   856 | D:4      | Noticed a centaur
   863 | D:4      | Reached ** piety under Trog
   864 | D:4      | Shot with an arrow by a centaur

Illustrated notes

Levels and vault maps discovered:
D:1:      dpeg_arrival_boxorama, layout_loops_ring,
          shapermc_ecumenical_altar_flowoftime
D:2:      layout_basic, chequers_big_river, minmay_surrounded
D:3:      minmay_chambers_of_twos, layout_loops_ring, uniq_natasha
D:4:      layout_loops_cross, mainiacjoe_overflow_catwalk, uniq_eustachio

Skill      XL: |  1  2  3 |
---------------+----------+-----
Axes           | 4 |  4.5
Fighting       | 4 |  4.3
Armour         | |  2.7
Dodging        | |  2.4

Action                   || total
-------------------------++-------
Melee: Hand axe          ||    44
       Headbutt          ||     7
Armor: Animal skin       ||     8
       Chain mail        ||    14
Dodge: Dodged            ||    29
